 Dungeon Crawl Stone Soup version 0.24-a0-222-g1ac5efaa63 (webtiles) character file.

Game seed: 5313649005935931948

11861 Redear the Zephyrmancer (level 11, 0/63 HPs)
             Began as a Tengu Air Elementalist on Mar 31, 2019.
             Was an Elder of Vehumet.
             Slain by an orc (1 damage)
             ... on level 12 of the Dungeon.
             The game lasted 01:41:22 (13345 turns).

Redear the Zephyrmancer (Tengu Air Elementalist)   Turns: 13345, Time: 01:41:23

Health: 0/63       AC:  7    Str: 10    XL:     11   Next: 84%
Magic:  34/34      EV: 17    Int: 18    God:    Vehumet [****..]
Gold:   670        SH:  0    Dex: 14    Spells: 5/28 levels left

rFire    . . .     SeeInvis .   y - +2 dagger (speed)
rCold    . . .     Gourm    .   (no shield)
rNeg     . . .     Faith    .   K - +0 leather armour
rPois    .         Spirit   .   (helmet restricted)
rElec    .         Reflect  .   A - +1 cloak
rCorr    .         Harm     +   i - +0 pair of gloves
MR       .....                  (boots unavailable)
Stlth    ++........             l - amulet of harm
HPRegen  0.20/turn              V - ring of wizardry {Wiz+}
MPRegen  0.24/turn              o - ring of magical power {MP+9}

@: flying quickly and evasively, lightly drained, quick
A: beak, talons 3, able to fly
a: Stop Flying, Renounce Religion


You were on level 12 of the Dungeon.
You worshipped Vehumet.
Vehumet was greatly pleased with you.
You were not hungry.

You visited 1 branch of the dungeon, and saw 12 of its levels.
You also visited: Ossuary.

You collected 670 gold pieces.

Inventory:

Hand Weapons
 y - a +2 dagger of speed (weapon)
 E - a +1 rapier of speed
Missiles
 j - 301 stones (quivered)
 z - 2 throwing nets {=f}
 Y - 8 silver javelins {=f}
Armour
 a - a +0 shield
 b - the +10 scale mail "Qiaptesh" {Str+2, unknown}
   (You found it on level 8 of the Dungeon)

   It affects your strength (+2).
 i - a +0 pair of gloves (worn)
 q - the cursed +0 chain mail "Dabeq" {-Cast +Blink Dex+2, unknown}
   (You found it on level 4 of the Dungeon)

   It affects your dexterity (+2).
   It lets you blink.
   It prevents spellcasting.
   It has a curse placed upon it.
 A - a +1 cloak (worn)
 K - a +0 leather armour (worn)
 U - the +7 scale mail of Gluttony {Dex+2 Slay+3, unknown}
   (You found it on level 10 of the Dungeon)

   It affects your dexterity (+2).
   It affects your accuracy and damage with ranged weapons and melee attacks
   (+3).
Magical Staves
 k - an uncursed staff of earth
 H - an uncursed staff of cold {rC+}
Jewellery
 h - an uncursed ring of fire {rF+, rC-}
 l - an amulet of harm (around neck)
 o - a ring of magical power (right hand) {MP+9}
 I - an uncursed ring of protection from cold
 M - an uncursed ring of fire {rF+, rC-}
 V - a ring of wizardry (left hand) {Wiz+}
 W - an uncursed ring of wizardry {Wiz+}
 Z - an uncursed amulet of regeneration {unknown}
Wands
 v - a wand of enslavement (5)
 C - a wand of flame (19)
 X - a wand of scattershot (10)
Scrolls
 e - a scroll of fear
 f - a scroll of fog
 m - 5 scrolls of enchant armour
 p - 4 scrolls of magic mapping {!r}
 s - 3 scrolls of immolation {unknown}
 t - 2 scrolls of teleportation
 x - 2 scrolls of enchant weapon
 B - 4 scrolls of blinking {!r}
 G - 3 scrolls of amnesia
 L - a scroll of vulnerability {unknown}
 N - 5 scrolls of remove curse
Potions
 d - 4 potions of haste
 g - 2 potions of flight {unknown}
 n - 7 potions of curing
 r - 3 potions of agility
 u - a potion of lignification {unknown}
 w - 5 potions of heal wounds
 D - 2 potions of mutation {unknown}
 F - 2 potions of brilliance
 J - a potion of cancellation {unknown}
 O - 2 potions of magic {unknown}
 P - 2 potions of degeneration {unknown}
 R - 2 potions of resistance {unknown}
 S - 2 potions of invisibility {unknown}
 T - a potion of might {unknown}
Comestibles
 c - 14 rations
 Q - 15 chunks of flesh


   Skills:
 - Level 5.1(4.7) Fighting
 - Level 7.3(6.9) Short Blades
 - Level 5.6(5.2) Armour
 - Level 6.2(5.8) Dodging
 - Level 2.0(1.6) Stealth
 + Level 9.3(8.8) Spellcasting
 + Level 5.6(5.2) Conjurations
 - Level 2.2(1.8) Hexes
 - Level 2.0(1.7) Necromancy
 - Level 12.3(11.8) Air Magic


You had 5 spell levels left.
You knew the following spells:

 Your Spells              Type           Power        Failure   Level  Hunger
a - Shock                 Conj/Air       ####         1%          1    None
b - Static Discharge      Conj/Air       #####...     1%          3    None
c - Airstrike             Air            ######....   1%          4    ###....
d - Confuse               Hex            ##......     6%          3    None
g - Apportation           Tloc           #.....       4%          1    None
r - Regeneration          Chrm/Necr      ##........   11%         3    None
s - Swiftness             Chrm/Air       ####....     1%          2    None
x - Lightning Bolt        Conj/Air       #####.....   1%          5    #####..
z - Animate Skeleton      Necr           N/A          2%          1    None

Your spell library contained the following spells:

 Spells                   Type           Power        Failure   Level  Hunger
 Conjure Ball Lightning   Conj/Air       #####.....   6%          6    ######.
 Confusing Touch          Hex            ##....       2%          1    None
 Pain                     Necr           ##..         2%          1    None
 Summon Small Mammal      Summ           #...         4%          1    None
 Vampiric Draining        Necr           ##........   7%          3    None
 Gell's Gravitas          Tloc           #.........   14%         3    None
 Animate Dead             Necr           N/A          22%         4    ###....
 Yara's Violent Unravell  Hex/Tmut       ##........   22%         5    #####..
 Petrify                  Tmut/Erth      #.......     41%         4    ###....
 Metabolic Englaciation   Hex/Ice        ##........   63%         5    #####..


Dungeon Overview and Level Annotations

Branches:
Dungeon (12/15)            Temple (0/1) D:7
   Lair: D:8-11         Orc: D:9-12

Altars:
Hepliaklqana
Trog
Vehumet
Wu Jian
Xom
Zin
The Shining One

Shops:
D:4 [   D:7 !   D:8 %   D:9 (   D:10 :

Annotations:
D:9 exclusion: Joseph, Joseph
D:12 Jorgrun


Innate Abilities, Weirdness & Mutations

You have a beak for a mouth.
You have claws for feet.
You can fly continuously.


Message History

There is a stone staircase leading down here.
Items here: )) [[ ÷÷
Items here: ))))))) = [[[ ÷÷
There is a stone staircase leading down here.
You fly downwards.
Level annotation: Jorgrun A two-headed ogre comes into view.
It is wielding a +0 dire flail and a +0 giant spiked club.
The orc shouts!
The two-headed ogre shouts in stereo!
The orc shouts!
The orc misses you.
The two-headed ogre hits you with a +0 dire flail!
The two-headed ogre closely misses you. The orc hits you but does no damage.
There is a stone staircase leading up, spattered with blood here.
You take 12 damage, and have 51/63 hp.
Unknown command.
The two-headed ogre hits you with a +0 dire flail!!
* * * LOW HITPOINT WARNING * * *
The two-headed ogre hits you with a +0 giant spiked club!!
* * * LOW HITPOINT WARNING * * *
The orc hits you.
You die...

#........$#
#.........#
#.........#
.#.........##
............
#.......#
.##......## #
...!...@O.# #
.......o.......
##
...............
).
..........[....
#
##.........o...
#
#...?....g....
##
#........#....
..
#).......#....
... .. ###..
..# #... ..


You could see Jorgrun, a two-headed ogre and 2 orcs.

Levels and vault maps discovered:
D:1:      dpeg_arrival_pits, layout_loops_corners, minmay_misc_feat_doors,
          minmay_tetromino_o4
D:2:      layout_rooms, vehumet_crystals, uniq_sigmund
D:3:      layout_basic, marbit_many_paths, first_ration
D:4:      layout_basic, serial_shops, kennysheep_mini_moat,
          uniq_crazy_yiuf_cottage, uniq_pikel, uniq_duvessa
D:5:      layout_rooms, kennysheep_mini
D:6:      layout_basic, nicolae_tso_carved_into_rock,
          amethyst_overflow_temple_binary, basic_altar
D:7:      layout_loops_ring, minmay_temple_entry_steel_oval,
          nicolae_ossuary_entry_ruins, serial_shops, shop
D:8:      layout_basic, serial_shops, shop
D:9:      cheibrodos_ideogram_h, layout_loops_cross, old_standard_altar,
          lair_entry_dummy, serial_shops, shop_fountains, uniq_joseph
D:10:     layout_irregular_city, serial_shops, shop, hangedman_pestilent_swarm,
          uniq_psyche
D:11:     layout_layer_cave, gauntlet_entry_generic
D:12:     layout_rooms, hiddenorc1_lemuel, st_stairs_12,
          small_statue_intersection, makhleb_altar_promises_db, uniq_jorgrun
Ossuary:  ossuary_due_pyramid

Notes
Turn   | Place    | Note
-------+----------+-------------------------------------------
     0 | D:1      | Redear the Tengu Air Elementalist began the quest for the
                  | Orb.
     0 | D:1      | Reached XP level 1. HP: 10/10 MP: 4/4
    36 | D:1      | Identified a +0 dagger
    37 | D:1      | Identified a +0 club
   119 | D:1      | Identified a +0 club
   121 | D:1      | Reached skill level 2 in Conjurations
   121 | D:1      | Reached XP level 2. HP: 11/15 MP: 3/6
   344 | D:1      | Identified a +0 whip
   461 | D:1      | Reached XP level 3. HP: 19/19 MP: 1/7
   551 | D:1      | Identified a +0 dagger
   559 | D:1      | Identified a +0 club
   594 | D:1      | Identified an amulet of harm (You found it on level 1 of
                  | the Dungeon)
   595 | D:1      | Identified a ring of fire (You found it on level 1 of the
                  | Dungeon)
   656 | D:1      | Identified a +0 dagger
   668 | D:1      | Identified a +0 club
   699 | D:1      | Identified a +0 club
   915 | D:1      | Identified a +0 club
  1049 | D:2      | Identified a +0 club
  1057 | D:1      | Learned a level 3 spell: Static Discharge
  1096 | D:2      | Identified a +0 club
  1173 | D:2      | Found a radiant altar of Vehumet.
  1186 | D:2      | Identified a +0 scythe
  1186 | D:2      | Identified a +0 robe
  1186 | D:2      | Noticed Sigmund
  1496 | D:2      | Reached skill level 3 in Conjurations
  1528 | D:2      | Reached XP level 4. HP: 14/24 MP: 4/9
  1627 | D:2      | Reached skill level 5 in Air Magic
  1791 | D:2      | Reached skill level 3 in Spellcasting
  1884 | D:2      | Became a worshipper of Vehumet
  1898 | D:2      | Gained mutation: You can fly continuously. [Tengu growth]
  1898 | D:2      | Reached XP level 5. HP: 27/28 MP: 5/11
  2063 | D:2      | Identified a ring of magical power (You found it on level 2
                  | of the Dungeon)
  2084 | D:2      | Identified 4 potions of curing
  2085 | D:2      | Killed Sigmund
  2085 | D:2      | Reached skill level 4 in Spellcasting
  2085 | D:2      | Reached skill level 6 in Air Magic
  2085 | D:2      | Reached XP level 6. HP: 24/32 MP: 10/13
  2303 | D:3      | Learned a level 4 spell: Airstrike
  2335 | D:3      | Redear: ??airstrike
  2335 | D:3      | beem: airstrike[1/3]: A single target attack spell; uses
                  | smite targeting, so it can hit any monster you can see. It
                  | checks AC and does half again as much damage to flying or
                  | levitating monsters. Spell level 4. 8 + 1d(2 + (Power)/7)
                  | damage.
  2424 | D:3      | Identified a +0 dagger
  2425 | D:3      | Identified a +1 dagger of venom
  2427 | D:3      | Identified a cursed -1 dagger
  2427 | D:3      | Identified a +0 dagger
  2427 | D:3      | Identified a +0 robe
  2436 | D:3      | Identified a cursed -3 dagger
  2436 | D:3      | Identified a +0 blowgun
  2792 | D:3      | Identified a +0 mace
  2794 | D:3      | Reached skill level 7 in Air Magic
  2797 | D:3      | Found a hazy altar of Hepliaklqana.
  2836 | D:3      | Identified a +0 cloak (You found it on level 3 of the
                  | Dungeon)
  2836 | D:3      | Identified a +2 dagger of speed (You found it on level 3 of
                  | the Dungeon)
  2847 | D:3      | Identified a cursed -2 club
  2847 | D:3      | Identified a +0 blowgun
  2852 | D:3      | Identified a +0 club
  2900 | D:3      | Reached * piety under Vehumet
  2900 | D:3      | Offered knowledge of Sting by Vehumet.
  3034 | D:4      | Reached skill level 1 in Short Blades
  3047 | D:4      | Got a spiked chain mail
  3082 | D:4      | Found Gaer's Antique Armour Boutique.
  3162 | D:4      | Identified a cursed +0 animal skin
  3162 | D:4      | Noticed a slave
  3162 | D:4      | Identified a +0 animal skin
  3162 | D:4      | Noticed a slave
  3170 | D:4      | Killed a slave
  3180 | D:4      | Killed a slave
  3349 | D:4      | Identified a +2 whip of flaming
  3349 | D:4      | Identified a +0 robe
  3349 | D:4      | Noticed Pikel
  3349 | D:4      | Identified a +0 animal skin
  3349 | D:4      | Noticed a slave
  3350 | D:4      | Identified a +0 animal skin
  3350 | D:4      | Noticed a slave
  3376 | D:4      | HP: 8/32 [Pikel/+2 whip of flaming (12)]
  3407 | D:4      | Killed Pikel
  3407 | D:4      | Reached skill level 6 in Short Blades
  3407 | D:4      | Reached XP level 7. HP: 9/36 MP: 12/14
  3407 | D:4      | Reached XP level 8. HP: 10/41 MP: 12/15
  3445 | D:4      | Identified a +0 short sword
  3447 | D:4      | Identified a +0 dagger
  3447 | D:4      | Identified a +0 leather armour
  3448 | D:4      | Identified a +0 flail
  3448 | D:4      | Identified a +0 scale mail
  3483 | D:4      | Killed Dowan
  3622 | D:4      | Identified a +1 rapier of speed
  3622 | D:4      | Identified a +0 ring mail
  3622 | D:4      | Noticed Duvessa
  3650 | D:4      | Killed Duvessa
  3690 | D:4      | Identified a +0 mace
  3690 | D:4      | Identified a +0 leather armour
  3695 | D:4      | Identified a +0 flail
  3701 | D:4      | Identified a +0 whip
  3704 | D:4      | Identified a +0 whip
  3706 | D:4      | Reached skill level 7 in Short Blades
  3707 | D:4      | Identified a +0 halberd
  3934 | D:4      | Found a runed translucent door.
  3935 | D:4      | Identified a +4 quarterstaff of chaos
  3935 | D:4      | Identified a +1 cloak
  3935 | D:4      | Noticed Crazy Yiuf
  3964 | D:4      | Killed Crazy Yiuf
  4235 | D:5      | Entered Level 5 of the Dungeon
  4243 | D:5      | Identified a ring of wizardry (You found it on level 5 of
                  | the Dungeon)
  4244 | D:5      | Identified 6 scrolls of identify
  4244 | D:5      | Identified a potion of agility
  4245 | D:5      | Identified 2 scrolls of fog
  4246 | D:5      | Identified 2 scrolls of enchant armour
  4247 | D:5      | Identified a scroll of fear
  4248 | D:5      | Identified a scroll of teleportation
  4249 | D:5      | Identified a potion of brilliance
  4273 | D:5      | Identified a +0 whip
  4352 | D:5      | Identified a +0 leather armour
  4392 | D:5      | Found a bloodstained altar of Trog.
  4417 | D:5      | Identified a +0 giant club
  4420 | D:5      | Reached skill level 8 in Air Magic
  4465 | D:5      | Identified a +0 giant club
  4562 | D:5      | Reached skill level 9 in Air Magic
  4697 | D:6      | Identified a +0 giant club
  4769 | D:6      | Identified a +0 hand axe
  4772 | D:6      | Identified a cursed +0 short sword
  4772 | D:6      | Identified a +0 leather armour
  4788 | D:6      | Reached skill level 10 in Air Magic
  4788 | D:6      | Reached XP level 9. HP: 38/45 MP: 4/16
  4828 | D:6      | Identified a +0 short sword
  5022 | D:6      | Identified a +0 giant spiked club
  5025 | D:6      | Reached ** piety under Vehumet
  5078 | D:6      | Offered knowledge of Flame Tongue by Vehumet.
  5184 | D:6      | Found a glowing golden altar of the Shining One.
  5232 | D:6      | Identified a +0 shortbow
  5236 | D:6      | Reached skill level 11 in Air Magic
  5299 | D:6      | Found a radiant altar of Vehumet.
  5338 | D:6      | Found a shimmering altar of Xom.
  5345 | D:6      | Found an ornate altar of the Wu Jian Council.
  5499 | D:6      | Identified a +0 battleaxe
  5499 | D:6      | Identified a +0 robe
  5532 | D:6      | Learned a level 2 spell: Swiftness
  5538 | D:6      | Identified a +3 war axe
  5538 | D:6      | Identified a +0 robe
  5538 | D:6      | Identified a +0 spear
  5538 | D:6      | Identified a +0 robe
  5539 | D:6      | Identified a +2 scimitar
  5539 | D:6      | Identified a cursed +0 robe
  5540 | D:6      | Identified a +0 battleaxe
  5540 | D:6      | Identified a +0 robe
  5563 | D:6      | Reached skill level 1 in Armour
  5584 | D:6      | Reached skill level 1 in Fighting
  5882 | D:7      | Found a sand-covered staircase.
  5889 | Ossuary  | Entered an ossuary
  6014 | Ossuary  | Offered knowledge of Inner Flame by Vehumet.
  6125 | Ossuary  | Reached *** piety under Vehumet
  6326 | Ossuary  | Offered knowledge of Ignite Poison by Vehumet.
  6338 | Ossuary  | Noticed Menkaure
  6341 | Ossuary  | Killed Menkaure
  6341 | Ossuary  | Reached skill level 2 in Armour
  6341 | Ossuary  | Reached skill level 3 in Dodging
  6610 | Ossuary  | Identified 4 scrolls of remove curse
  6611 | Ossuary  | Identified 4 potions of heal wounds
  6648 | D:7      | Identified a +0 dagger
  6648 | D:7      | Identified a cursed +0 leather armour
  6654 | D:7      | Reached skill level 2 in Fighting
  6691 | D:7      | Reached skill level 3 in Armour
  6789 | D:7      | Reached skill level 4 in Dodging
  6807 | D:7      | Identified a +0 flail
  6859 | D:7      | Found a staircase to the Ecumenical Temple.
  6862 | D:7      | Reached skill level 3 in Fighting
  6885 | D:7      | Identified a +0 shortbow
  7094 | D:7      | Reached skill level 4 in Armour
  7102 | D:7      | Reached XP level 10. HP: 45/56 MP: 9/17
  7114 | D:7      | Identified a +0 giant club
  7116 | D:7      | Reached **** piety under Vehumet
  7116 | D:7      | Reached skill level 5 in Dodging
  7118 | D:7      | Reached skill level 4 in Fighting
  7119 | D:7      | Found Ucseente's Distillery.
  7236 | D:7      | Identified a cursed +4 long sword
  7236 | D:7      | Identified a +0 ring mail
  7237 | D:7      | Identified a cursed +0 flail
  7237 | D:7      | Identified a +0 robe
  7261 | D:7      | Offered knowledge of Force Lance by Vehumet.
  7290 | D:7      | Identified a +4 war axe
  7290 | D:7      | Identified a cursed +0 robe
  7303 | D:7      | Learned a level 1 spell: Animate Skeleton
  7305 | D:7      | Learned a level 1 spell: Apportation
  7311 | D:7      | Learned a level 5 spell: Lightning Bolt
  7433 | D:7      | Identified a +0 war axe
  7433 | D:7      | Identified a +0 chain mail
  7434 | D:7      | Identified a +0 scimitar
  7434 | D:7      | Identified a +0 plate armour
  7435 | D:7      | Identified a +0 dagger
  7435 | D:7      | Identified a +0 robe
  7466 | D:7      | Reached skill level 5 in Armour
  7799 | D:8      | Identified a +0 dagger
  7800 | D:8      | Identified a +0 club
  7803 | D:8      | Identified a +0 giant club
  7804 | D:8      | Identified a +0 whip
  7982 | D:8      | Reached skill level 6 in Dodging
  8090 | D:8      | Got a twisted scale mail
  8092 | D:8      | Identified 3 scrolls of blinking
  8254 | D:8      | Reached skill level 5 in Fighting
  8277 | D:8      | TheNamelessOne: !lg redear mu
  8277 | D:8      | beem: 27. Redear the Eclecticist (L15 MuWz of
                  | Kikubaaqudgha), blasted by Mara (illusionary) (bolt of
                  | fire) on Spider:4 on 2019-03-30 21:02:43, with 90828 points
                  | after 37867 turns and 4:27:18.
  8278 | D:8      | Identified a ring of ice (You found it on level 4 of the
                  | Dungeon)
  8370 | D:8      | Found Kafo's Food Boutique.
  8433 | D:8      | Identified a +0 dagger
  8482 | D:8      | Identified a cursed -2 giant club
  8670 | D:8      | TheNamelessOne: не те спидраны
  8697 | D:9      | Identified a +0 giant club
  8699 | D:9      | Reached skill level 5 in Spellcasting
  8712 | D:9      | Found a glowing silver altar of Zin.
  8712 | D:9      | Identified a +0 hand axe
  8712 | D:9      | Identified a +0 dagger
  8712 | D:9      | Identified a +0 ring mail
  8714 | D:9      | Identified a +0 giant club
  8714 | D:9      | Identified a +0 giant club
  8714 | D:9      | Noticed a two-headed ogre
  8714 | D:9      | Identified a +0 war axe
  8714 | D:9      | Identified a +0 chain mail
  8715 | D:9      | Identified a +0 flail
  8715 | D:9      | Identified a +3 ring mail
  8986 | D:9      | Identified a +0 dire flail
  8986 | D:9      | Identified a +0 plate armour
  8987 | D:9      | TheNamelessOne: !hs * fe--
  8987 | D:9      | beem: 179372. Yermak the Intangible (L27 FeEE of
                  | Cheibriados), escaped with the Orb and 15 runes on
                  | 2017-11-07 20:46:33, with 67274917 points after 21346 turns
                  | and 8:23:06.
  9063 | D:9      | Reached skill level 6 in Spellcasting
  9063 | D:9      | Identified a cursed +0 shortbow
  9066 | D:9      | Identified a +0 longbow
  9066 | D:9      | Noticed a centaur warrior
  9241 | D:9      | Identified a cursed -3 war axe
  9241 | D:9      | Identified a +0 ring mail
  9243 | D:9      | Identified a +0 dagger
  9243 | D:9      | Identified a cursed +0 robe
  9249 | D:9      | Identified a +0 giant club
  9257 | D:9      | Identified a +0 mace
  9257 | D:9      | Identified a +3 chain mail
  9352 | D:9      | Identified a +0 dagger
  9352 | D:9      | Identified a +0 robe
  9369 | D:9      | Identified a +0 giant club
  9369 | D:9      | Identified a +0 giant spiked club
  9369 | D:9      | Noticed a two-headed ogre
  9370 | D:9      | TheNamelessOne: магия кушает еду
  9375 | D:9      | Killed a two-headed ogre
  9375 | D:9      | Reached skill level 7 in Spellcasting
  9520 | D:9      | TheNamelessOne: прикольно ещё спригганом-кастером
  9523 | D:9      | TheNamelessOne: те только рационы жрут
  9530 | D:9      | TheNamelessOne: приходится экономить
  9534 | D:9      | Reached ***** piety under Vehumet
  9543 | D:9      | Reached XP level 11. HP: 52/63 MP: 3/23
  9550 | D:9      | Found Ucyrch's Antique Weapon Emporium.
  9559 | D:9      | TheNamelessOne: !apt sp
  9560 | D:9      | beem: Sp: Fighting: -2*, Short: 1, Long: -2*, Axes: -2*,
                  | Maces: -3*, Polearms: -3*, Staves: -3*, Slings: 2, Bows: 2,
                  | Xbows: 0, Throw: 0, Armour: -3*, Dodge: 4, Stealth: 5,
                  | Shields: -3*, UC: -2*, Splcast: 2, Conj: -3*, Hexes: 2,
                  | Charms: 4, Summ: -2, Nec: -1, Tloc: 4, Tmut: 3, Fire: -2,
                  | Ice: -2, Air: -1, Earth: -1, Poison: 0, Inv: 0, Evo: 3,
                  | Exp: -1, HP: -3, MP: 1
  9565 | D:9      | Offered knowledge of Conjure Ball Lightning by Vehumet.
  9571 | D:9      | TheNamelessOne: SpEE с аш хорошо идёт
  9571 | D:9      | TheNamelessOne: ЕЕ очень экономный бек
  9668 | D:9      | Noticed a manticore
  9671 | D:9      | Killed a manticore
  9704 | D:9      | Killed a centaur warrior
  9704 | D:9      | Reached skill level 8 in Spellcasting
  9933 | D:9      | Killed a two-headed ogre
  9933 | D:9      | Reached skill level 12 in Air Magic
  9980 | D:9      | Learned a level 3 spell: Confuse
 10162 | D:9      | Identified a +0 quarterstaff
 10162 | D:9      | Identified a +0 hunting sling
 10162 | D:9      | Identified a +0 leather armour
 10162 | D:9      | Noticed Joseph
 10260 | D:9      | Identified a +0 leather armour
 10262 | D:9      | Identified a +0 dagger
 10262 | D:9      | Identified a +0 robe
 10264 | D:9      | Identified a cursed +0 whip
 10369 | D:9      | Identified a +0 shortbow
 10466 | D:10     | Entered Level 10 of the Dungeon
 10487 | D:10     | Got a bloodstained scale mail
 10529 | D:9      | Reached skill level 1 in Hexes
 10836 | D:10     | Identified a +3 dagger of distortion
 10836 | D:10     | Identified a +0 robe
 10836 | D:10     | Noticed Psyche
 10845 | D:10     | Killed Psyche
 10845 | D:10     | Reached skill level 2 in Hexes
 10876 | D:10     | Found Kulale's Book Shoppe.
 10929 | D:10     | Identified 3 potions of haste
 10963 | D:10     | Identified 4 scrolls of magic mapping
 11009 | D:10     | Identified a +0 trident
 11009 | D:10     | Identified a +0 plate armour
 11009 | D:10     | Identified a +0 flail
 11009 | D:10     | Identified a +0 leather armour
 11403 | D:10     | Reached skill level 4 in Conjurations
 11606 | D:11     | Identified a +0 club
 11606 | D:11     | Identified a cursed -1 club
 11607 | D:11     | Identified a +0 halberd
 11609 | D:11     | Identified a +0 spear
 11609 | D:11     | Identified a +0 ring mail
 11609 | D:11     | Identified a +0 spear
 11624 | D:11     | Reached skill level 9 in Spellcasting
 11723 | D:11     | Identified a +0 hand axe
 11727 | D:11     | Identified a +0 short sword
 11732 | D:11     | Identified a +0 dagger
 11732 | D:11     | Identified a +0 robe
 11733 | D:11     | Identified a +0 club
 11733 | D:11     | Identified a +0 leather armour
 11739 | D:11     | Identified a +0 dagger
 11739 | D:11     | Identified a +0 leather armour
 11866 | D:11     | Learned a level 3 spell: Regeneration
 12089 | D:11     | Reached skill level 5 in Conjurations
 12116 | D:11     | Reached skill level 1 in Necromancy
 12463 | D:11     | Identified 2 scrolls of enchant weapon
 12464 | D:11     | Identified 3 scrolls of amnesia
 12545 | D:12     | Noticed a cyclops
 12569 | D:12     | Identified a +0 flail
 12569 | D:12     | Identified a +0 ring mail
 12569 | D:12     | Identified a +0 trident
 12569 | D:12     | Identified a +0 leather armour
 12569 | D:12     | Identified a +0 chain mail
 12569 | D:12     | Identified a +0 scimitar
 12569 | D:12     | Identified a +0 robe
 12569 | D:12     | Identified a +0 war axe
 12569 | D:12     | Identified a +0 robe
 12569 | D:12     | Identified a +3 flail of freezing
 12569 | D:12     | Identified a +0 robe
 12569 | D:12     | Identified a +0 giant spiked club
 12569 | D:12     | Identified a +0 trident
 12570 | D:12     | Identified a +0 club
 12570 | D:12     | Identified a +0 chain mail
 12589 | D:11     | Identified a +0 pair of gloves (You found it on level 11 of
                  | the Dungeon)
 12590 | D:11     | Identified a ring of protection from cold (You found it on
                  | level 9 of the Dungeon)
 12627 | D:12     | Identified a +0 robe
 12627 | D:12     | Noticed Jorgrun
 12816 | D:12     | Identified a +0 war axe
 12816 | D:12     | Identified a +0 ring mail
 12816 | D:12     | Identified a +0 leather armour
 12816 | D:12     | Identified a +0 mace
 12816 | D:12     | Identified a +0 dire flail
 12816 | D:12     | Identified a cursed +0 chain mail
 12816 | D:12     | Identified a +0 dagger
 12816 | D:12     | Identified a +0 flail
 12901 | D:12     | Identified a +0 club
 12901 | D:12     | Identified a +0 leather armour
 12960 | D:12     | Identified a +0 club
 12970 | D:12     | Identified a +0 mace
 13087 | D:12     | Identified a +0 hand axe
 13087 | D:12     | Identified a +2 mace of draining
 13089 | D:12     | Identified +0 acid dragon scales
 13150 | D:11     | Reached skill level 2 in Necromancy
 13344 | D:12     | Identified a +0 dire flail
 13344 | D:12     | Identified a +0 giant spiked club
 13344 | D:12     | Noticed a two-headed ogre
 13345 | D:12     | HP: 1/63 [two-headed ogre/+0 dire flail (24)]
 13345 | D:12     | Slain by an orc

Table legend:
 A = Turns spent in this place as a percentage of turns spent in the entire game.
 B = Non-inter-level travel turns spent in this place as a percentage of non-inter-level travel turns spent in the entire game.
 C = Inter-level travel turns spent in this place as a percentage of turns spent in this place.
 D = Turns resting spent in this place as a percentage of non-inter-level travel turns spent in this place.
 E = Turns spent auto-exploring this place as a percentage of non-inter-level travel turns spent in this place.
 F = Non-inter-level travel turns spent in this place divided by the number of levels of this place that you've seen.
                   A       B       C       D       E      F
               +-------+-------+-------+-------+-------+----------------------
         Total | 100.0 | 100.0 |   6.1 |  23.2 |  43.9 | 964.1
       Dungeon |  94.6 |  94.2 |   6.4 |  22.3 |  46.3 | 983.9
       Ossuary |   5.4 |   5.8 |   0.0 |  38.3 |   5.0 | 726.0
               +-------+-------+-------+-------+-------+----------------------

Table legend:
 A = Kills in this place as a percentage of kills in entire the game.
 B = Kills by you in this place as a percentage of kills by you in the entire game.
 C = Kills by friends in this place as a percentage of kills by friends in the entire game.
 D = Other kills in this place as a percentage of other kills in the entire game.
 E = Experience gained in this place as a percentage of experience gained in the entire game.
 F = Experience gained in this place divided by the number of levels of this place that you have seen.
                   A       B       C       D       E      F
               +-------+-------+-------+-------+-------+----------------------
         Total | 100.0 | 100.0 | 100.0 |   N/A | 100.0 | 1303.5
       Dungeon |  85.0 |  84.9 | 100.0 |   N/A |  98.4 | 1389.4
       Ossuary |  15.0 |  15.1 |   0.0 |   N/A |   1.6 | 272.0
               +-------+-------+-------+-------+-------+----------------------

Skill      XL: |  1  2  3  4  5  6  7  8  9 10 11 |
---------------+----------------------------------+-----
Conjurations   | 2 3 5 |  5.6
Air Magic      | 5 6 7 10 11 12 | 12.3
Spellcasting   | 3 4 7 9 |  9.3
Short Blades   | 6 7 |  7.3
Armour         | 4 5 |  5.6
Fighting       | 3 5 |  5.1
Dodging        | 4 6 |  6.2
Hexes          | 2 |  2.2
Necromancy     | 2 |  2.0
Stealth        | |  2.0

Action                   |  1- 3 |  4- 6 |  7- 9 | 10-12 || total
-------------------------+-------+-------+-------+-------++-------
Melee: Unarmed           |     3 |       |       |       ||     3
       Dagger            |    18 |    18 |    35 |    95 ||   166
       Peck              |     1 |     5 |     5 |    15 ||    26
       Kick              |     1 |     6 |     4 |    31 ||    42
 Cast: Shock             |    71 |    74 |   130 |   116 ||   391
       Airstrike         |       |     6 |    84 |   190 ||   280
       Static Discharge  |       |       |     4 |     2 ||     6
       Animate Skeleton  |       |       |       |    11 ||    11
       Swiftness         |       |       |       |     1 ||     1
       Lightning Bolt    |       |       |       |    13 ||    13
       Confuse           |       |       |       |     4 ||     4
       Regeneration      |       |       |       |     1 ||     1
 Abil: Fly               |       |     1 |       |       ||     1
  Use: Potion            |       |     1 |       |       ||     1
       Scroll            |       |       |     8 |     7 ||    15
 Stab: Sleeping          |       |     1 |       |       ||     1
       Distracted        |       |       |       |     1 ||     1
       Confused          |       |       |       |     1 ||     1
  Eat: Chunk             |     3 |     6 |    15 |    35 ||    59
       Ration            |       |       |     3 |     3 ||     6
Armor: Robe              |     2 |     2 |     7 |     2 ||    13
       Leather armour    |       |       |       |    22 ||    22
Dodge: Dodged            |    21 |    13 |    51 |   111 ||   196

Vanquished Creatures
  A centaur warrior (D:9)
  2 two-headed ogres (D:9)
  Pikel (D:4)
  A manticore (D:9)
  Psyche (D:10)
  A troll (D:11)
  4 hippogriffs
  Sigmund (D:2)
  3 yaks
  Menkaure (Ossuary)
  An acid dragon (D:12)
  2 soldier ants (D:10)
  Duvessa (D:4)
  7 ice beasts
  5 orc warriors
  2 slaves (D:4)
  2 black bears
  3 phantoms
  3 sky beasts
  10 ogres
  A necrophage (D:9)
  4 centaurs
  A crocodile (D:9)
  A big kobold (D:8)
  8 bullfrogs
  A wyvern zombie (D:10)
  A gnoll sergeant (D:11)
  2 wyvern skeletons
  3 scorpions
  11 wights
  7 killer bees
  2 howler monkeys
  2 crimson imps
  2 bullfrog zombies
  2 centaur zombies
  A quasit (D:5)
  5 orc priests
  10 hounds
  5 jellies
  Crazy Yiuf (D:4)
  A centaur skeleton (D:10)
  A gnoll shaman (D:4)
  4 iguanas
  4 orc wizards
  11 worker ants
  A hound skeleton (D:8)
  3 mummies (Ossuary)
  A howler monkey zombie (D:10)
  A worker ant zombie (D:7)
  9 gnolls
  7 adders
  2 shadow imps
  An ooze (D:1)
  2 adder skeletons
  An adder zombie (D:9)
  2 dart slugs
  7 leopard geckos
  33 orcs
  4 ball pythons
  5 bats
  A giant cockroach (D:1)
  7 goblins
  10 hobgoblins
  5 jackals
  6 quokkas
  11 frilled lizards
  4 gnoll skeletons (Ossuary)
  2 gnoll zombies (Ossuary)
  5 goblin skeletons (Ossuary)
  2 goblin zombies (Ossuary)
  5 hobgoblin skeletons (Ossuary)
  7 hobgoblin zombies (Ossuary)
  10 kobolds
  3 kobold skeletons (Ossuary)
  6 kobold zombies (Ossuary)
  A leopard gecko zombie (D:5)
  3 orc skeletons (Ossuary)
  4 orc zombies (Ossuary)
  9 rats
  3 rat skeletons (Ossuary)
  3 rat zombies (Ossuary)
329 creatures vanquished.

Vanquished Creatures (collateral kills)
  2 orc wizards
2 creatures vanquished.

Vanquished Creatures (others)
  A slave (D:4)
  Dowan (D:4)
  A scorpion (D:4)
  A ball python (D:4)
  A hobgoblin skeleton (Ossuary)
  A rat skeleton (Ossuary)
  A rat zombie (Ossuary)
7 creatures vanquished.

Grand Total: 338 creatures vanquished
